 Dungeon Crawl Stone Soup version 0.24.0-123-gd5b16e6ec5 (webtiles) character file.

Game seed: 8896874896826678771, levelgen mode: deterministic

16 Hasart the Magician (level 2, -3/19 HPs)
             Began as a Vampire Wizard on Jan 15, 2020.
             Slain by a gnoll (6 damage)
             ... on level 1 of the Dungeon.
             The game lasted 00:02:56 (610 turns).

Hasart the Magician (Vampire Wizard)                 Turns: 610, Time: 00:02:57

Health: -3/19      AC:  2    Str:  6    XL:     2   Next: 37%
Magic:  6/6        EV: 12    Int: 20    God:
Gold:   25         SH:  5    Dex: 12    Spells: 4/7 levels left

rFire    . . .     SeeInvis +   d - +0 spear
rCold    . . .     Gourm    .   c - +2 buckler
rNeg     . . .     Faith    .   a - +0 robe
rPois    .         Spirit   .   b - +0 hat
rElec    .         Reflect  .   (no cloak)
rCorr    .         Harm     .   (no gloves)
MR       .....                  (no boots)
Stlth    ++........             (no amulet)
HPRegen  0.26/turn              (no ring)
MPRegen  0.10/turn              (no ring)

@: regenerating quickly
A: no food, fangs 3, see invisible, unbreathing
a: Exsanguinate


You were on level 1 of the Dungeon.
You were alive.

You visited 1 branch of the dungeon, and saw 2 of its levels.

You collected 25 gold pieces.

Inventory:

Hand Weapons
 d - a +0 spear (weapon)
Armour
 a - a +0 robe (worn)
 b - a +0 hat (worn)
 c - a +2 buckler (worn)
Scrolls
 e - a scroll of identify {unknown}


   Skills:
 - Level 2.5 Dodging
 + Level 3.1 Stealth
 + Level 0.1 Shields
 - Level 0.1 Unarmed Combat
 + Level 3.3 Spellcasting
 + Level 0.7 Conjurations
 + Level 1.0 Summonings
   Level 0.7 Translocations


You had 4 spell levels left.
You knew the following spells:

 Your Spells              Type           Power        Failure   Level  Hunger
a - Magic Dart            Conj           #...         16%         1    N/A
b - Call Imp              Summ           #.......     22%         2    N/A

Your spell library contained the following spells:

 Spells                   Type           Power        Failure   Level  Hunger
 Blink                    Tloc           N/A          26%         2    N/A
 Slow                     Hex            #.......     32%         2    N/A
 Conjure Flame            Conj/Fire      #.......     50%         3    N/A
 Mephitic Cloud           Conj/Pois/Air  #.......     52%         3    N/A

Dungeon Overview and Level Annotations

Branches:
Dungeon (2/15)

Altars:

Annotations:
D:2 Robin


Innate Abilities, Weirdness & Mutations

You do not eat.
Your natural rate of healing is unusually fast.
You have razor-sharp teeth.
You have supernaturally acute eyesight. (SInv)
You can survive without breathing.


Message History

A bat comes into view.
The frilled lizard bites you but does no damage.
The goblin hits you with a +0 spear.
Found a glowing brown potion.
The frilled lizard barely misses you. You block the goblin's attack.
The goblin barely misses you. You block the goblin's attack.
The goblin no longer looks unusually strong.
You see here a rat corpse.
There is a stone staircase leading up here.
The goblin no longer looks unusually strong.
The goblin closely misses you.
The goblin hits you from afar with a +0 spear!
* * * LOW HITPOINT WARNING * * *
You climb upwards.
The gnoll hits you.
* * * LOW HITPOINT WARNING * * *
There is a stone staircase leading down here.
The gnoll hits you.
You die...

#.################ ###.. #.#
#.... ...... #.# #..# ######
#.#######..# #..........#
##########.# ######..g.####.###
###### ######...##.##>gb......
......
#....#.#.##.##@################
#.##.#.#.#............ ......†>
#.#..#.#.#####.################
#.#..#.#.# #.#((...)(.((...g.
##.####.#.# #.#.###########...
#.......#.# #.#(# #...
#########.#####.#.# ####
#.#.....#.#
###.#%....#(#######.


You could see a gnoll, a goblin and a bat.

Vanquished Creatures
  A leopard gecko (D:1)
  A bat (D:1)
  A giant cockroach (D:2)
  A goblin (D:2)
  2 hobgoblins (D:1)
  A jackal (D:1)
  A quokka (D:2)
  2 kobolds (D:1)
  4 rats
14 creatures vanquished.

Notes
Turn   | Place    | Note
-------+----------+-------------------------------------------
     0 | D:1      | Hasart the Vampire Wizard began the quest for the Orb.
     0 | D:1      | Reached XP level 1. HP: 13/13 MP: 4/4
   318 | D:1      | Reached XP level 2. HP: 19/19 MP: 0/6
   575 | D:2      | Learned a level 2 spell: Call Imp
   593 | D:2      | Noticed Robin
   610 | D:1      | Slain by a gnoll

Levels and vault maps discovered:
D:1:      tarquinn_simple_flora_water_f, layout_basic, nrook_mini_vaults,
          grunt_decor_arrowhead, minmay_octomino_c4
D:2:      layout_loops_ring, hex_large, uniq_jessica, uniq_robin

Action                   || total
-------------------------++-------
Melee: Unarmed           ||    15
       Bite              ||     2
       Spear             ||    19
 Cast: Magic Dart        ||    21
 Stab: Sleeping          ||     1
Armor: Robe              ||    18
Dodge: Dodged            ||    64
Block: Buckler           ||    17
